 Dungeon Crawl Stone Soup version 0.30.1-4-g462c640d31 (webtiles) character file.

Game seed: 9338080214634907356

2608 Babbit the Cleaver (level 9, -2/78 HPs)
             Began as a Minotaur Fighter on Aug 13, 2023.
             Was a Believer of Okawaru.
             Succumbed to Amaemon's poison
             ... on level 8 of the Dungeon.
             The game lasted 00:28:55 (6219 turns).

Babbit the Cleaver (Minotaur Fighter)               Turns: 6219, Time: 00:28:55

Health: -2/78      AC: 12    Str: 26    XL:     9   Next: 33%
Magic:  7/8        EV: 12    Int:  5    God:    Okawaru [**....]
Gold:   495        SH:  6    Dex:  9    Spells: 8/8 levels left

rFire   . . .        a - +0 war axe
rCold   . . .        c - +0 buckler
rNeg    . . .        b - +0 scale mail
rPois   .            j - +1 hat
rElec   .            (no cloak)
rCorr   .            (no gloves)
SInv    +            s - +1 pair of boots {Stlth+}
Will    +....        (no amulet)
Stlth   ++           y - ring of willpower
HPRegen 0.33/turn    t - ring of see invisible
MPRegen 0.11/turn

%: no passive effects
@: mighty, lethally poisoned (-2 -> -45), heroic
A: horns 2, retaliatory headbutt
a: Renounce Religion, Heroism


You were on level 8 of the Dungeon.
You worshipped Okawaru.
Okawaru was pleased with you.
You visited 2 branches of the dungeon, and saw 9 of its levels.

You collected 495 gold pieces.

Inventory:

Hand Weapons
 a - a +0 war axe (weapon)
Missiles
 i - 7 boomerangs (quivered)
Armour
 b - a +0 scale mail (worn)
 c - a +0 buckler (worn)
 j - a +1 hat (worn)
 s - a +1 pair of boots of stealth (worn)
Jewellery
 l - a ring of poison resistance
 t - a ring of see invisible (right hand)
 y - a ring of willpower (left hand)
Wands
 A - a wand of charming (9)
 C - a wand of iceblast (3)
 D - a wand of quicksilver (9)
Scrolls
 h - a scroll of fog
 k - 3 scrolls of noise
 m - a scroll of blinking
 o - a scroll of poison
 p - a scroll of brand weapon {unknown}
 q - a scroll of acquirement {unknown}
 u - 2 scrolls of teleportation
 v - a scroll of silence {unknown}
 w - a scroll of immolation {unknown}
 x - a scroll of enchant weapon {unknown}
 z - 3 scrolls of identify
 B - 3 scrolls of magic mapping
 H - a scroll of enchant armour {unknown}
 J - a scroll of fear {unknown}
Potions
 d - 2 potions of might
 e - 3 potions of flight
 f - 3 potions of curing {unknown}
 g - 2 potions of attraction {unknown}
 n - 3 potions of mutation
 r - 3 potions of magic
 E - a potion of heal wounds {unknown}
 F - a potion of ambrosia {unknown}
 G - a potion of brilliance {unknown}
 I - a potion of invisibility {unknown}


   Skills:
 + Level 6.7(11.7) Fighting
 + Level 10.3(15.3) Axes
 + Level 2.2(7.2) Throwing
 + Level 7.2(12.2) Armour
 + Level 4.0(9.0) Dodging
 + Level 0.7(5.7) Stealth
 + Level 6.2(11.2) Shields
 + Level 0.2 Invocations


You had 8 spell levels left.
You didn't know any spells.
Your spell library contained the following spells:

 Spells                   Type           Power      Damage    Failure   Level
 Freeze                   Ice            0%         1d3       75%         1
 Sandblast                Erth           0%         2d4       75%         1
 Shock                    Conj/Air       0%         1d3       75%         1
 Passwall                 Tmut/Erth      0%         N/A       86%         2
 Frozen Ramparts          Ice            0%         1d1       98%         3
 Hailstorm                Conj/Ice       0%         3d3       98%         3
 Stone Arrow              Conj/Erth      0%         3d7       98%         3
 Swiftness                Air            0%         N/A       98%         3
 Airstrike                Air            0%         2d(0-16)  100%        4
 Orb of Destruction       Conj           0%         9d5       100%        7
 Summon Small Mammal      Summ           Unusable   N/A       N/A         1
 Call Canine Familiar     Summ           Unusable   N/A       N/A         3
 Summon Guardian Golem    Hex/Summ       Unusable   N/A       N/A         3
 Spellforged Servitor     Conj/Summ      Unusable   N/A       N/A         7

Dungeon Overview and Level Annotations

Branches:
Dungeon (8/15)             Temple (1/1) D:6
   Lair: D:8-11

Altars:
Ashenzari
Fedhas
Gozag
Kikubaaqudgha
Makhleb
Nemelex Xobeh
Okawaru
Qazlal
Sif Muna
Uskayaw
Vehumet
Wu Jian
Xom
Yredelemnul
Zin
The Shining One

Shops:
D:2 :

Annotations:
D:8 Amaemon


Innate Abilities, Weirdness & Mutations

You have a pair of horns on your head.
You reflexively headbutt those who attack you in melee.


Message History

Amaemon claws you. Amaemon tail-slaps you.
You are more poisoned.
Amaemon poisons you! The orange demon stings you from afar.
You barely miss Amaemon. You headbutt Amaemon!
Amaemon is heavily wounded.
You feel very sick.
You slice Amaemon!!
Amaemon is severely wounded.
You feel very sick. Amaemon misses you. Amaemon claws you but does no damage.
Amaemon tail-slaps you. The orange demon closely misses you.
You completely miss Amaemon. Your headbutt misses Amaemon.
Amaemon is severely wounded.
You feel very sick.
Amaemon hits you with a +0 demon whip of venom.
You are more poisoned.
Amaemon barely misses you. Amaemon tail-slaps you.
The orange demon stings you but does no damage.
You barely miss Amaemon.
Amaemon is severely wounded.
You feel very sick.
Amaemon hits you with a +0 demon whip of venom!
You are lethally poisoned!
You block Amaemon's attack. Amaemon closely misses you.
The orange demon stings you from afar!
* * * LOW HITPOINT WARNING * * *
You feel very mighty all of a sudden.
* * * LOW HITPOINT WARNING * * *
You feel extremely sick.
Amaemon hits you with a +0 demon whip of venom.
* * * LOW HITPOINT WARNING * * *
You are more poisoned.
Amaemon claws you but does no damage.
Amaemon tail-slaps you but does no damage.
The orange demon stings you but does no damage.
Okay, then.
Blink to where?
Press: ? - help, Dir - move target
As you read the scroll of blinking, it crumbles to dust.
You die...

#.#)....'.# #####..#
####'#)))..#.## #.....##
#..........#..####'###.#
#.....#######.......##.#
........# ##......##.# ........#
#......##.# ........#
#......##.#########
###.....######>.....##.........#
#.........###.@...##########.#
#.........# #.....##### #.#
###.........# ###'#.....# #.#
............# #.#.###§# #.#
#####.......# #.#.# #6# #.# #
########### #.#.# #4# ###.## ♣.♣
♣.8.8.8.###.#.# #.# #..... ...
.........##.#.# #.# #.#.## ♣.8
8.8.8.8..##.#.# #.# #.#.##


There were no monsters in sight!

Vanquished Creatures
  Grinder (D:4)
  A water moccasin (D:5)
  An orc warrior (D:8)
  An ice beast (D:5)
  A sky beast (D:8)
  3 ogres
  2 black bears
  A centaur (D:7)
  A kobold brigand (D:7)
  2 bullfrogs (D:6)
  6 killer bees
  A vampire bat (D:4)
  A howler monkey (D:7)
  4 jellies
  A gnoll bouda (D:6)
  2 orc priests
  A sleepcap (D:6)
  6 hounds
  An iguana (D:6)
  4 orc wizards
  8 gnolls
  10 adders
  3 white imps
  3 ufetubi
  A worm (D:5)
  3 dart slugs
  3 fire bats (D:4)
  21 orcs
  2 spectral bats (D:4)
  15 bats
  3 bat skeletons (D:4)
  A bat zombie (D:4)
  8 endoplasms
  2 giant cockroaches
  10 goblins
  4 hobgoblins
  7 jackals
  10 quokkas
  6 ball pythons
  A bat simulacrum (D:4)
  3 frilled lizards
  9 kobolds
  9 rats
183 creatures vanquished.

Notes
Turn   | Place    | Note
-------+----------+-------------------------------------------
     0 | D:1      | Babbit the Minotaur Fighter began the quest for the Orb.
     0 | D:1      | Reached XP level 1. HP: 19/19 MP: 0/0
   183 | D:1      | Reached XP level 2. HP: 27/27 MP: 1/1
   806 | D:2      | Reached skill level 3 in Axes
   806 | D:2      | Reached XP level 3. HP: 33/33 MP: 2/2
   836 | D:2      | Found Moje's Vocational Training.
   886 | D:2      | Reached XP level 4. HP: 40/40 MP: 3/3
   989 | D:2      | Reached skill level 4 in Axes
  1510 | D:3      | Found a faded altar of an unknown god.
  1517 | D:3      | Reached XP level 5. HP: 46/47 MP: 4/4
  1622 | D:3      | Reached skill level 5 in Axes
  2177 | D:4      | Noticed a black bear
  2185 | D:4      | Killed a black bear
  2186 | D:4      | Reached skill level 1 in Dodging
  2186 | D:4      | Reached XP level 6. HP: 49/55 MP: 5/5
  2210 | D:4      | Found a blossoming altar of Fedhas.
  2210 | D:4      | Found a sparkling altar of Nemelex Xobeh.
  2211 | D:4      | Found a basalt altar of Yredelemnul.
  2360 | D:4      | Reached skill level 6 in Axes
  2403 | D:4      | Noticed Grinder
  2408 | D:4      | Paralysed by Grinder for 4 turns
  2434 | D:4      | Killed Grinder
  2435 | D:4      | Reached skill level 5 in Fighting
  2435 | D:4      | Reached skill level 1 in Throwing
  2435 | D:4      | Reached XP level 7. HP: 40/61 MP: 6/6
  2839 | D:4      | Reached skill level 7 in Axes
  2855 | D:4      | Reached skill level 5 in Armour
  2855 | D:4      | Reached skill level 5 in Shields
  2927 | D:5      | Entered Level 5 of the Dungeon
  2927 | D:5      | You fall into a shaft and drop 3 floors!
  3057 | D:8      | Noticed a hornet
  3403 | D:6      | Found a staircase to the Ecumenical Temple.
  3407 | Temple   | Entered the Ecumenical Temple
  3454 | Temple   | Became a worshipper of Warmaster Okawaru
  3606 | D:6      | Reached skill level 8 in Axes
  3611 | D:6      | Reached XP level 8. HP: 58/69 MP: 7/7
  3874 | D:5      | Reached * piety under Okawaru
  3914 | D:6      | Reached skill level 9 in Axes
  4637 | D:6      | Reached XP level 9. HP: 73/78 MP: 8/8
  4769 | D:6      | Reached ** piety under Okawaru
  4779 | D:6      | Found a stormy altar of Qazlal.
  4872 | D:6      | Reached skill level 10 in Axes
  5313 | D:7      | Noticed a +0 short sword
  5313 | D:7      | Noticed a +0 short sword
  5313 | D:7      | Noticed a +0 falchion
  5314 | D:7      | Noticed a +0 spear
  5314 | D:7      | Noticed a +0 dagger
  5314 | D:7      | Noticed a +0 falchion
  5314 | D:7      | Noticed a +0 dagger
  5316 | D:7      | Noticed a +0 spear
  5359 | D:7      | Found a hide-covered altar of Uskayaw.
  5398 | D:7      | Found a burning altar of Makhleb.
  6206 | D:8      | Noticed Amaemon
  6207 | D:8      | Noticed an orange demon
  6219 | D:8      | Succumbed to Amaemon's poison

Illustrated notes

Levels and vault maps discovered:
D:1:      roderic_octagonal_star, layout_basic,
          nicolae_concentric_dashed_squares_mild
D:2:      layout_rooms, nicolae_shop_vocational
D:3:      layout_basic, hellmonk_ecumenical_altar_dog_temple,
          columned_hall_lemuel
D:4:      layout_loops_ring, chequers_temple_overflow_statue_of_worship,
          goddamned_bats, uniq_grinder
D:5:      layout_cave_pools
D:6:      layout_basic, nicolae_qazlal_scattered_showers,
          minmay_temple_entry_slanted
D:7:      layout_cave_pods, nicolae_uskayaw_en_pointe, general_overflow_altar,
          kennysheep_generic_room_13
D:8:      layout_basic, nicolae_dithmenos_the_darkroom, chequers_avenue,
          uniq_amaemon
Temple:   hellmonk_temple_forest_ring

Skill      XL: |  1  2  3  4  5  6  7  8  9 |
---------------+----------------------------+-----
Shields        | 4 5 6 |  6.2
Fighting       | 4 5 6 |  6.7
Axes           | 3 4 5 6 8 9 10 | 10.3
Armour         | 4 5 6 7 |  7.2
Dodging        | 1 2 3 4 |  4.0
Throwing       | 1 2 |  2.2
Stealth        | |  0.7
Invocations    | |  0.2

Action                     |  1- 3 |  4- 6 |  7- 9 || total
---------------------------+-------+-------+-------++-------
  Melee: War axe           |    59 |   106 |   200 ||   365
         Headbutt          |     9 |    13 |    21 ||    43
  Throw: Boomerang         |       |    11 |    21 ||    32
 Invoke: Heroism           |       |       |     3 ||     3
    Use: Scroll            |       |     4 |     8 ||    12
         Potion            |       |       |     1 ||     1
 Armour: Scale mail        |    32 |    59 |   131 ||   222
  Dodge: Dodged            |    21 |    48 |   140 ||   209
  Block: Buckler           |    14 |    29 |    77 ||   120
